 Dungeon Crawl Stone Soup version 0.29.1-2-gbd0b4ee654 (webtiles) character file.

Game seed: 3797135670026632332

75 GorkyZ the Chopper (level 4, 0/27 HPs)
             Began as a Gargoyle Gladiator on Nov 30, 2022.
             Slain by a river rat (5 damage)
             ... on level 3 of the Dungeon.
             The game lasted 00:06:27 (2352 turns).

GorkyZ the Chopper (Gargoyle Gladiator)             Turns: 2352, Time: 00:06:28

Health: 0/27       AC:  9    Str: 20    XL:     4   Next: 31%
Magic:  4/4        EV: 11    Int:  8    God:
Gold:   89         SH:  0    Dex: 11    Spells: 3/3 levels left

rFire   . . .      SeeInvis .   a - +0 war axe
rCold   . . .      Faith    .   (no shield)
rNeg    + . .      Spirit   .   k - +0 ring mail
rPois   ∞          Reflect  .   c - +0 helmet
rElec   +          Harm     .   (no cloak)
rCorr   .          Rampage  .   (no gloves)
Will    .....                   (no boots)
Stlth   ..........              (no amulet)
HPRegen 0.09/turn               (no ring)
MPRegen 0.09/turn               (no ring)

@: very slow
A: sickness immunity, AC +3, negative energy resistance 1, electricity
resistance, torment resistance 1, petrification resistance
a: no special abilities


You were on level 3 of the Dungeon.
You visited 1 branch of the dungeon, and saw 3 of its levels.

You collected 89 gold pieces.

Inventory:

Hand Weapons
 a - a +0 war axe (weapon)
Missiles
 d - 3 throwing nets (quivered)
 e - a javelin
Armour
 b - a +0 leather armour
 c - a +0 helmet (worn)
 k - a +0 ring mail (worn)
 m - an orb of energy
Potions
 f - 2 potions of might
 l - a potion of curing


   Skills:
 + Level 2.6 Fighting
 * Level 3.3 Axes
 + Level 2.1 Throwing
 + Level 1.3 Armour
 + Level 2.6 Dodging
 + Level 1.2 Shields
 + Level 0.8 Evocations


You had 3 spell levels left.
You didn't know any spells.
Your spell library contained the following spells:

 Spells                   Type           Power      Damage    Failure   Level
 Blink                    Tloc           0%         N/A       73%         2
 Ensorcelled Hibernation  Hex/Ice        0%         N/A       73%         2
 Passwall                 Tmut/Erth      0%         N/A       73%         2
 Lesser Beckoning         Tloc           0%         N/A       91%         3
 Swiftness                Air            0%         N/A       91%         3
 Manifold Assault         Tloc           0%         N/A       100%        5


Dungeon Overview and Level Annotations

Branches:
Dungeon (3/15)

Altars:
Trog

Annotations:
D:2 Natasha


Innate Abilities, Weirdness & Mutations

You are immune to sickness and miasma.
Your stone body is resilient. (AC +3)
You are immune to poison.
You resist negative energy. (rN+)
You are resistant to electric shocks. (rElec)
You are resistant to unholy torment.
You are immune to petrification.


Message History

You closely miss the river rat.
The river rat bites you but does no damage.
Your unstable footing causes you to fumble your attack.
The river rat barely misses you.
The river rat bites you but does no damage.
Your unstable footing causes you to fumble your attack.
The river rat bites you but does no damage.
You closely miss the river rat.
The river rat bites you but does no damage.
Your unstable footing causes you to fumble your attack.
The river rat bites you but does no damage.
You closely miss the river rat.
You punch the river rat, but do no damage.
The river rat barely misses you. The river rat bites you!
You hit the river rat but do no damage. The river rat bites you.
You hit the river rat but do no damage. The river rat misses you.
Your unstable footing causes you to fumble your attack.
The river rat barely misses you.
The river rat bites you but does no damage.
You closely miss the river rat.
The river rat bites you but does no damage.
You closely miss the river rat. The river rat bites you.
The river rat bites you!
* * * LOW HITPOINT WARNING * * *
Your unstable footing causes you to fumble your attack.
The river rat misses you.
You feel better. The river rat bites you.
* * * LOW HITPOINT WARNING * * *
Your unstable footing causes you to fumble your attack.
The river rat closely misses you.
Unknown command.
You hit the river rat.
The river rat is heavily wounded.
The river rat bites you but does no damage.
The river rat barely misses you.
Your unstable footing causes you to fumble your attack.
The river rat bites you but does no damage.
Your unstable footing causes you to fumble your attack.
The river rat bites you.
You die...

##### ....## ## #..##
###~~##'.##############
+~~~~~@#...............
+~~~~r~#..#############
###~~##+.## ### ..##
..# ###


You could see a river rat.

Vanquished Creatures
  Natasha (D:2)
  An adder (D:2)
  A worm (D:2)
  2 dart slugs
  An orc (D:3)
  2 ball pythons (D:2)
  5 endoplasms
  A giant cockroach (D:1)
  A goblin (D:1)
  2 hobgoblins
  2 jackals (D:2)
  A quokka (D:3)
  5 bats (D:1)
  3 frilled lizards
  3 kobolds (D:1)
  A rat (D:1)
32 creatures vanquished.

Notes
Turn   | Place    | Note
-------+----------+-------------------------------------------
     0 | D:1      | GorkyZ the Gargoyle Gladiator began the quest for the Orb.
     0 | D:1      | Reached XP level 1. HP: 12/12 MP: 1/1
   321 | D:1      | Reached XP level 2. HP: 17/17 MP: 2/2
   648 | D:1      | Reached skill level 3 in Axes
  1221 | D:2      | Reached XP level 3. HP: 21/22 MP: 3/3
  1571 | D:2      | Noticed Natasha
  1579 | D:2      | HP: 1/22 [Natasha (1)]
  1580 | D:2      | Killed Natasha
  1581 | D:2      | Reached skill level 1 in Armour
  1581 | D:2      | Reached skill level 1 in Shields
  1906 | D:2      | Reached XP level 4. HP: 25/27 MP: 4/4
  2004 | D:2      | Noticed Natasha
  2024 | D:2      | Found a bloodstained altar of Trog.
  2352 | D:3      | Slain by a river rat

Illustrated notes

Levels and vault maps discovered:
D:1:      elethiomel_arrival_infinity_welcomes_careful_drivers, layout_basic
D:2:      kennysheep_six_static_rooms, layout_rooms, basic_altar, uniq_natasha
D:3:      layout_basic, gup_sewer_entry_bowl,
          hellmonk_ecumenical_altar_dog_temple, uniq_jessica

Skill      XL: |  1  2  3 |
---------------+----------+-----
Axes           | 3 |  3.3
Throwing       | 2 |  2.1
Armour         | 1 |  1.3
Shields        | 1 |  1.2
Fighting       | |  2.6
Dodging        | |  2.6
Evocations     | |  0.8

Action                   |  1- 3 |  4- 6 || total
-------------------------+-------+-------++-------
Melee: War axe           |    81 |    36 ||   117
       Punch             |       |     1 ||     1
  Use: Scroll            |       |     6 ||     6
       Potion            |       |     1 ||     1
Armor: Leather armour    |    52 |       ||    52
       Ring mail         |     1 |    15 ||    16
Dodge: Dodged            |    61 |    28 ||    89
